[Event "Team 45 45 League T37"]
[Site "Internet Chess Club"]
[Date "2008.05.02"]
[Round "2"]
[White "PsyMar"]
[Black "CoasterBrake"]
[Result "1/2-1/2"]
[WhiteElo "1192"]
[BlackElo "1082"]
[Opening "Caro-Kann: classical variation"]
[ECO "B18"]
[Time "16:01:06"]
[TimeControl "2700+45"]

1. e4 c6 2. d4 d5 3. Nc3 dxe4 4. Nxe4 Bf5 5. Qf3 Bxe4 6. Qxe4 Nf6 7. Qf3 Qxd4 8.
Ne2 Qd5 9. Qxd5 Nxd5 10. Nf4 Nxf4 11. Bxf4 e6 12. O-O-O Bc5 13. Bc4 O-O 14. Bc7
Bxf2 15. Rd3 Bb6 16. Bxb6 axb6 17. Rhd1 Na6 18. Rd7 Nc5 19. R7d4 e5 20. Rh4 Rfd8
21. Rxd8+ Rxd8 22. Be2 e4 23. b4 Ne6 24. Rxe4 Rd4 25. Rxd4 Nxd4 26. Bg4 Ne6 27.
Be2 b5 28. c4 c5 29. bxc5 Nxc5 30. cxb5 b6 31. Bd1 Kf8 32. a4 Ke7 33. a5 bxa5
34. b6 Kd7 35. Bf3 Kc8 36. Kb2 Na4+ 37. Ka3 Nxb6 38. Be4 h6 39. h4 Kc7 40. g3 g6
41. Bc2 Kd6 42. Bb3 f6 43. Bf7 g5 44. hxg5 hxg5 45. g4 Ke5 46. Kb3 a4+ 47. Kb4
f5 48. gxf5 Kxf5 49. Kb5 Nd7 50. Kxa4 g4 51. Bh5 g3 52. Bf3 Ne5 53. Bg2 Kf4 54.
Kb3 Ng4 55. Kc3 Ne3 56. Bh1 Nf1 57. Kd3 Kg4 58. Ke2 Nh2 59. Ke3 {Game drawn by
mutual agreement} 1/2-1/2

[Event "Team 45 45 League T37"]
[Site "Internet Chess Club"]
[Date "2008.05.03"]
[Round "2"]
[White "gilalva"]
[Black "Sherrel"]
[Result "1/2-1/2"]
[WhiteElo "1119"]
[BlackElo "1102"]
[Opening "King's gambit"]
[ECO "C30"]
[Time "11:13:26"]
[TimeControl "2700+45"]

1. e4 e5 2. f4 d6 3. Nf3 Bg4 4. Bc4 Nf6 5. Nc3 Be7 6. O-O O-O 7. h3 Bxf3 8. Qxf3
Nbd7 9. d3 Nb6 10. fxe5 Nxc4 11. exf6 Ne5 12. Qh5 Bxf6 13. Nd5 Nd7 14. Rf5 c6
15. Nxf6+ Nxf6 16. Qf3 h6 17. Qg3 Kh7 18. Bf4 g6 19. Rxf6 Qxf6 20. Rf1 Rad8 21.
Be3 Qe5 22. Qh4 Qg7 23. c3 a6 24. g4 g5 25. Qg3 Qe5 26. Qf2 Kg6 27. h4 Rd7 28.
h5+ Kh7 29. Bd4 Qe6 30. Qf5+ Qxf5 31. exf5 Re8 32. f6 Re2 33. Rf5 Rxb2 34. Rf3
Rd8 35. Re3 c5 36. Re7 Kg8 37. Bf2 Kf8 38. d4 Re8 39. dxc5 Rxe7 40. fxe7+ Kxe7
41. cxd6+ Kxd6 42. Bd4 Rxa2 43. Bg7 a5 44. Bxh6 a4 45. Bxg5 a3 46. h6 Rc2 47.
Bf6 Ke6 48. Bd4 Rc1+ 49. Kg2 a2 50. c4 a1=Q 51. h7 Qa2+ 52. Kg3 Qb3+ 53. Kf4
Rf1+ 54. Kg5 Rh1 55. h8=Q Rxh8 56. Bxh8 Qxc4 57. Bf6 b5 58. Bg7 b4 59. Kh5 b3
60. g5 Qb5 61. Bf6 b2 62. Bxb2 Qxb2 63. g6 fxg6+ 64. Kxg6 Qf6+ 65. Kh7 Kf7
{White stalemated} 1/2-1/2

[Event "Team 45 45 League T37"]
[Site "Internet Chess Club"]
[Date "2008.05.05"]
[Round "2"]
[White "Renato77"]
[Black "EyeAm"]
[Result "0-1"]
[WhiteElo "1179"]
[BlackElo "1402"]
[Opening "Four knights: Rubinstein counter-gambit, exchange variation"]
[ECO "C48"]
[Time "13:59:27"]
[TimeControl "2700+45"]

1. e4 e5 2. Nf3 Nf6 3. Nc3 Nc6 4. Bb5 Nd4 5. Nxd4 exd4 6. Na4 c6 7. Bd3 b5 8. e5
Nd5 9. c4 Nf4 10. Qf3 Nxd3+ 11. Qxd3 bxa4 12. Qxd4 Be7 13. O-O O-O 14. Re1 Bb7
15. c5 Re8 16. b3 axb3 17. axb3 a6 18. Rb1 f6 19. f4 Qc7 20. Bb2 Rad8 21. Re3 a5
22. Rbe1 fxe5 23. fxe5 Bg5 24. Rf3 Rf8 25. Qc4+ Kh8 26. Rf7 Bh6 27. Ref1 Qc8 28.
e6 Ba6 29. Bxg7+ Bxg7 30. Rxf8+ Rxf8 31. Rxf8+ Qxf8 32. e7 Qxe7 33. Qc1 Bd4+ 34.
Kh1 Qf7 35. h4 Qf1+ 36. Qxf1 Bxf1 37. Kh2 Kg7 38. Kg3 Kg6 39. Kf3 h5 40. g4
hxg4+ 41. Kxg4 Be2+ 42. Kf4 Bxc5 43. Kg3 Bd6+ 44. Kf2 Bd1 45. Ke3 Bxb3 46. Ke4
a4 47. d4 a3 48. d5 Bxd5+ 49. Kd3 a2 50. h5+ Kxh5 51. Kc3 a1=Q+ 52. Kc2 Kg4 53.
Kd2 Kf3 54. Kd3 Qa4 55. Kc3 Qc4+ 56. Kd2 Bf4+ 57. Kd1 Qe2# {White checkmated}
0-1

[Event "Team 45 45 League T37"]
[Site "Internet Chess Club"]
[Date "2008.05.03"]
[Round "2"]
[White "Hastings"]
[Black "BosqueVerde"]
[Result "1-0"]
[WhiteElo "1363"]
[BlackElo "1281"]
[Opening "Bird's opening"]
[ECO "A03"]
[Time "16:14:02"]
[TimeControl "2700+45"]

1. f4 d5 2. Nf3 Nc6 3. e3 Nf6 4. b3 Bf5 5. Bb2 e6 6. Nc3 Bd6 7. Be2 O-O 8. Nh4
a6 9. g4 Nxg4 10. Nxf5 exf5 11. h4 d4 12. Bxg4 fxg4 13. Ne2 dxe3 14. dxe3 Re8
15. Qd2 Bc5 16. Qc3 f6 17. Qxc5 Qe7 18. Qxe7 Rxe7 19. Kf2 Rae8 20. Bc1 Nb4 21.
Nd4 c5 22. Nf5 Re4 23. Nd6 Nxc2 24. Nxe4 Nxa1 25. Nxc5 b5 26. Bb2 Nc2 27. Bd4 a5
28. Rc1 Nxd4 29. exd4 h5 30. Re1 Rd8 31. Ne6 Rc8 32. d5 Rc2+ 33. Re2 g3+ 34. Kf3
Rc3+ 35. Kg2 Kf7 36. Nd8+ Kg6 37. d6 Rd3 38. Nb7 Kf5 39. Re7 g5 40. hxg5 fxg5
41. fxg5 Kxg5 42. d7 Kg4 43. Rg7+ Kf4 44. d8=Q Rxd8 45. Nxd8 h4 46. Rf7+ Kg4 47.
Rg7+ Kf4 48. Nc6 {Black resigns} 1-0

[Event "Team 45 45 League T37"]
[Site "Internet Chess Club"]
[Date "2008.05.04"]
[Round "2"]
[White "Graybeard"]
[Black "tmac63"]
[Result "1-0"]
[WhiteElo "1226"]
[BlackElo "1037"]
[Opening "QGD: Grau (Sahovic) defense"]
[ECO "D06"]
[Time "19:01:57"]
[TimeControl "2700+45"]

1. d4 d5 2. c4 Bf5 3. Nc3 c6 4. Nf3 e6 5. Bd2 Nf6 6. Bg5 Be7 7. e3 h6 8. Bh4
Nbd7 9. Be2 Qb6 10. Na4 Qb4+ 11. Nd2 Nb6 12. a3 Qxa4 13. Qxa4 Nxa4 14. Ra2 c5
15. O-O Rd8 16. Rc1 O-O 17. b3 Nb6 18. h3 Rd7 19. Nf3 Ne4 20. Ne5 Rc7 21. Bxe7
Rxe7 22. Bg4 Nd7 23. Bxf5 exf5 24. Nxd7 Rxd7 25. f4 b6 26. Kh2 Re8 27. Re2 Nf6
28. Rce1 Ne4 29. Rc1 g5 30. g3 g4 31. h4 h5 32. b4 Rb8 33. b5 a5 34. a4 Kg7 35.
Kg1 Kg6 36. Kg2 Re7 37. Rcc2 Rbb7 38. Rc1 cxd4 39. exd4 Nd6 40. Kf1 Re4 41. Rxe4
Nxe4 42. Kg2 Rd7 43. c5 bxc5 44. dxc5 d4 45. c6 Rc7 46. b6 Rc8 47. b7 Re8 48. c7
Nd6 49. b8=Q Re2+ 50. Kf1 d3 51. Rd1 d2 52. Qd8 Re6 53. Qg5+ Kh7 54. Rxd2 Rg6
55. Qd8 Kg7 56. Rxd6 Rxd6 57. Qxd6 Kg8 58. c8=Q+ Kg7 59. Qe8 {Black resigns} 1-0

[Event "Team 45 45 League T37"]
[Site "Internet Chess Club"]
[Date "2008.05.04"]
[Round "2"]
[White "MeansToAnEnd"]
[Black "WannaB"]
[Result "1-0"]
[WhiteElo "1134"]
[BlackElo "1135"]
[Opening "Sicilian defense"]
[ECO "B20"]
[Time "18:57:08"]
[TimeControl "2700+45"]

1. e4 c5 2. Na3 g6 3. f4 e6 4. Nf3 a6 5. Qe2 b5 6. d3 Bg7 7. Ne5 Bxe5 8. fxe5
Nc6 9. Be3 Qb6 10. Bf4 Nd4 11. Qd2 Ne7 12. Bh6 Nec6 13. c3 Nb3 14. axb3 Nxe5 15.
Bg7 Rg8 16. Bxe5 d6 17. Bf6 e5 18. Qh6 Be6 19. Qxh7 Kd7 20. Be2 d5 21. exd5 Bxd5
22. c4 bxc4 23. dxc4 Bxg2 24. Qxf7+ Kc6 25. Qd5+ Kc7 26. Qxe5+ Kb7 27. Rg1 Qb4+
28. Qc3 Qxc3+ 29. bxc3 Bc6 30. h4 Kb6 31. O-O-O Rae8 32. Bg4 Ref8 33. Rgf1 Bg2
34. Rd6+ Kb7 35. Re1 Rh8 36. Bxh8 Rxh8 37. Re7+ Kb8 38. Rb6+ Ka8 39. Rxa6+ Kb8
40. Rea7 Rxh4 41. Bd1 Rh1 42. Rg7 Be4 43. Re6 Re1 44. Re8# {Black checkmated}
1-0

[Event "Team 45 45 League T37"]
[Site "Internet Chess Club"]
[Date "2008.05.02"]
[Round "2"]
[White "clarinetref"]
[Black "isolani"]
[Result "0-1"]
[WhiteElo "1668"]
[BlackElo "1572"]
[Opening "Réti opening"]
[ECO "A05"]
[Time "21:08:06"]
[TimeControl "2700+45"]

1. Nf3 Nf6 2. g3 d6 3. Bg2 g6 4. d3 Bg7 5. O-O e5 6. e4 Nc6 7. c3 O-O 8. Nbd2 b5
9. a4 b4 10. d4 a5 11. Re1 exd4 12. Nxd4 Nxd4 13. cxd4 Rb8 14. Rb1 Bg4 15. Qc2
Nh5 16. h3 Be6 17. d5 Bd7 18. Nb3 f5 19. Nxa5 f4 20. g4 f3 21. gxh5 fxg2 22. Nc6
Qh4 23. Qe2 Bxc6 24. dxc6 Qxh3 25. f4 Bd4+ 26. Be3 Qh1+ 27. Kf2 Rxf4+ 28. Qf3
g1=Q+ 29. Rxg1 Qxf3+ {White resigns} 0-1

[Event "Team 45 45 League T37"]
[Site "Internet Chess Club"]
[Date "2008.05.05"]
[Round "2"]
[White "jjmolina"]
[Black "RD1974"]
[Result "1-0"]
[WhiteElo "1643"]
[BlackElo "1626"]
[Opening "QGD: Tartakower (Makagonov-Bondarevsky) system"]
[ECO "D58"]
[Time "12:12:35"]
[TimeControl "2700+45"]

1. d4 Nf6 2. c4 e6 3. Nc3 d5 4. Bg5 Be7 5. e3 h6 6. Bh4 O-O 7. Nf3 b6 8. Bd3 Bb7
9. O-O Nbd7 10. Qe2 Ne4 11. Bxe7 Qxe7 12. Nd2 Ndf6 13. Ncxe4 Nxe4 14. f3 Nf6 15.
b3 c5 16. Rfd1 Rfc8 17. Qf2 e5 18. dxe5 Qxe5 19. cxd5 Nxd5 20. Nc4 Qe6 21. e4
Ne7 22. Ne3 Rd8 23. Bc4 Qe5 24. Rac1 a6 25. Ng4 Qg5 26. h4 Qh5 27. Qg3 Rxd1+ 28.
Rxd1 Bxe4 29. Nf6+ {Black resigns} 1-0

[Event "Team 45 45 League T37"]
[Site "Internet Chess Club"]
[Date "2008.05.03"]
[Round "2"]
[White "Aquaman"]
[Black "PANAMA-REY"]
[Result "0-1"]
[WhiteElo "1390"]
[BlackElo "1517"]
[Opening "Réti: King's Indian attack (Barcza system)"]
[ECO "A07"]
[Time "15:11:13"]
[TimeControl "2700+45"]

1. Nf3 d5 2. g3 Nf6 3. Bg2 c6 4. O-O Bf5 5. d3 Nbd7 6. Nbd2 h6 7. Re1 e6 8. e4
Bg4 9. h3 Bh5 10. e5 Nh7 11. g4 Bg6 12. Nh4 Qxh4 13. Nf3 Qd8 14. h4 h5 15. g5
Be7 16. d4 O-O 17. c3 c5 18. Nd2 c4 19. Bf3 Bxg5 20. hxg5 Qxg5+ 21. Kf1 Bd3+ 22.
Be2 Bxe2+ 23. Qxe2 Qg6 24. b3 b5 25. bxc4 bxc4 26. Ba3 Rfd8 27. Bc1 Qf5 28. Rd1
Rab8 29. Nf3 Qh3+ 30. Ke1 Qg4 31. Qe3 f6 32. exf6 Ndxf6 33. Ne5 Qg1+ 34. Ke2 Qh2
35. Nc6 Ng4 36. Qxe6+ Kh8 37. Rf1 Re8 38. Ne7 Nhf6 39. Ba3 Ne4 40. Qf5 Nxc3+ 41.
Kd2 Ne4+ 42. Ke1 Rf8 43. Ng6+ Kg8 44. Nxf8 Rxf8 45. Qxf8+ Kh7 46. Qf5+ Kg8 47.
Qxd5+ Kh8 48. Qxe4 Qh3 49. Bb4 Nf6 50. Qe3 Qc8 51. Rc1 Nd5 52. Qc3 Nxc3 53. Bxc3
Qe6+ 54. Kd1 Qg4+ 55. Kc2 Qe2+ 56. Kb1 Qd3+ 57. Ka1 a5 58. Rfd1 Qf3 59. Rf1 Qd5
60. f4 a4 61. f5 Kg8 62. Rce1 h4 63. Re5 Qg2 64. Rfe1 a3 65. Re8+ Kh7 66. f6 Qc2
67. R8e3 gxf6 68. d5 f5 69. d6 f4 70. Rf3 Qf5 71. Ref1 h3 72. Rh1 Qg4 73. Rhxh3+
Kg8 74. Rh8+ Kf7 75. Rh7+ Ke6 76. Rh6+ Kd7 77. Rf1 Qg3 78. Rc1 f3 79. Rh7+ Kxd6
80. Rd1+ Kc6 81. Rh6+ Kc5 82. Rh5+ Kc6 83. Rhd5 f2 84. Rf5 Qxc3+ 85. Kb1 Qb2#
{White checkmated} 0-1

[Event "Team 45 45 League T37"]
[Site "Internet Chess Club"]
[Date "2008.05.03"]
[Round "2"]
[White "bmw2002"]
[Black "ampolsager"]
[Result "1-0"]
[WhiteElo "1643"]
[BlackElo "1623"]
[Opening "English opening"]
[ECO "A13"]
[Time "09:42:49"]
[TimeControl "2700+45"]

1. c4 e6 2. g3 Nf6 3. Bg2 d5 4. cxd5 exd5 5. Nc3 Be6 6. Nf3 Nbd7 7. O-O h6 8.
Nd4 a6 9. d3 Bc5 10. Nxe6 fxe6 11. d4 Bd6 12. e4 dxe4 13. Nxe4 Qe7 14. Nxd6+
Qxd6 15. Bxb7 Rb8 16. Bg2 O-O 17. b3 Nd5 18. Qg4 N7f6 19. Qg6 Ne7 20. Qd3 c5 21.
Bf4 Qxd4 22. Qxd4 cxd4 23. Bxb8 Rxb8 24. f4 Ng4 25. Rfd1 Rd8 26. Rd3 Nf5 27. Rc1
Rd6 28. b4 h5 29. a4 Nge3 30. Bf3 g6 31. b5 axb5 32. axb5 Rb6 33. Rb1 Nc2 34.
Be4 Nd6 35. Bxg6 Nc4 36. Rdd1 N4a3 37. Bxc2 Nxc2 38. Rb2 Na3 39. Rxd4 Rxb5 40.
Rxb5 Nxb5 41. Rd7 Kh8 42. Kf2 Nc3 43. Kf3 Nd5 44. Rxd5 exd5 45. Ke3 Kg7 46. Kd4
Kf6 47. Kxd5 Kf5 48. Kd6 Kf6 49. h3 Kf5 50. Ke7 h4 51. g4+ Kxf4 52. Kf6 Kg3 53.
g5 Kxh3 54. g6 Kg3 55. g7 h3 56. g8=Q+ Kf2 57. Qa2+ Kg1 58. Qb1+ Kg2 59. Qc2+
Kf3 60. Qd1+ Kg3 61. Qh1 h2 62. Kg5 Kh3 63. Kf4 {Black resigns} 1-0

[Event "Team 45 45 League T37"]
[Site "Internet Chess Club"]
[Date "2008.05.03"]
[Round "2"]
[White "celebrat"]
[Black "Luckydawg"]
[Result "0-1"]
[WhiteElo "1475"]
[BlackElo "1728"]
[Opening "King's pawn opening"]
[ECO "B07"]
[Time "06:59:48"]
[TimeControl "2700+45"]

1. e4 d6 2. Bc4 Nf6 3. d3 c5 4. a3 Nc6 5. Ne2 g6 6. O-O Bg7 7. Nbc3 O-O 8. h3 a6
9. Be3 e6 10. Qd2 b5 11. Ba2 b4 12. axb4 Nxb4 13. Bb3 Qc7 14. f4 d5 15. e5 d4
16. exf6 dxe3 17. Qxe3 Bxf6 18. Rfb1 Bb7 19. Ne4 Bxe4 20. Qxe4 Rfd8 21. d4 cxd4
22. Bxe6 fxe6 23. Qxe6+ Kg7 24. f5 Re8 25. Nf4 Qxf4 26. Qd7+ Re7 27. Qa4 Qd6 28.
fxg6 hxg6 29. Rd1 Qc5 30. Kh1 Rae8 31. c3 dxc3 32. bxc3 Bxc3 33. Rac1 Re1+ 34.
Rxe1 Rxe1+ 35. Rxe1 Bxe1 36. Qd7+ Kf6 37. Qd8+ Qe7 38. Qd4+ Kf5 39. g4+ Ke6 40.
Qe4+ Kf7 41. Qf4+ Ke8 42. Qb8+ Kd7 43. Qb7+ Kd6 44. Qb6+ Nc6 {White resigns} 0-1

[Event "Team 45 45 League T37"]
[Site "Internet Chess Club"]
[Date "2008.05.03"]
[Round "2"]
[White "MathWorker"]
[Black "iamchessnuts"]
[Result "1-0"]
[WhiteElo "1572"]
[BlackElo "1629"]
[Opening "Philidor's defense"]
[ECO "C41"]
[Time "21:00:51"]
[TimeControl "2700+45"]

1. e4 e5 2. Nf3 d6 3. Nc3 a6 4. Bc4 Be7 5. h3 b5 6. Bb3 Bb7 7. d3 Nf6 8. Be3 O-O
9. Qd2 c5 10. Nd5 Nxd5 11. Bxd5 Bxd5 12. exd5 f5 13. Bg5 f4 14. Bxe7 Qxe7 15.
O-O Qf7 16. c4 Qh5 17. b3 Rf6 18. Qd1 Nd7 19. Nd2 Qf7 20. Ne4 Rg6 21. Qf3 Rf8
22. h4 h5 23. Ng5 Rh6 24. Nxf7 Rxf7 25. Qh3 Rg6 26. Kh2 Rg4 27. g3 {Black
resigns} 1-0

[Event "Team 45 45 League T37"]
[Site "Internet Chess Club"]
[Date "2008.05.06"]
[Round "2"]
[White "joshtournman"]
[Black "AlPearson"]
[Result "0-1"]
[WhiteElo "1496"]
[BlackElo "1476"]
[Opening "Bird's opening"]
[ECO "A02"]
[Time "09:01:47"]
[TimeControl "2700+45"]

1. f4 Nf6 2. Nf3 g6 3. d4 Bg7 4. e3 O-O 5. Bd3 d6 6. Nc3 c5 7. dxc5 dxc5 8. O-O
Nc6 9. Bc4 b6 10. Qxd8 Rxd8 11. Ne5 Be6 12. Bxe6 Nxe5 13. fxe5 fxe6 14. exf6
exf6 15. Rd1 e5 16. Rxd8+ Rxd8 17. b3 e4 18. Rb1 f5 19. Bb2 Bh6 20. Nd1 Rd2 21.
c4 Kf7 22. a4 Ke6 23. Bc1 Rxd1+ 24. Kf2 f4 25. Ke2 Rh1 26. h3 fxe3 27. g4 Rh2+
28. Ke1 e2 29. Bxh6 Rh1+ 30. Kxe2 Rxb1 31. Ke3 Rxb3+ 32. Kxe4 Rb4 33. Kd3 Rxa4
34. h4 Ra1 35. h5 gxh5 36. gxh5 Kf5 37. Bd2 Ra3+ 38. Kc2 Ke4 39. Bc3 Ra2+ 40.
Kb3 Rh2 41. Ka4 Rxh5 42. Kb5 Rf5 43. Ka6 Rf7 44. Be1 Kd3 45. Kb5 h5 46. Bh4 Rf4
47. Bg3 Rxc4 48. Bb8 Rb4+ 49. Kc6 a5 {White resigns} 0-1

[Event "Team 45 45 League T37"]
[Site "Internet Chess Club"]
[Date "2008.05.03"]
[Round "2"]
[White "Just-Jim"]
[Black "trigger"]
[Result "0-1"]
[WhiteElo "1288"]
[BlackElo "1461"]
[Opening "Ruy Lopez: exchange variation"]
[ECO "C68"]
[Time "11:41:43"]
[TimeControl "2700+45"]

1. e4 e5 2. Nf3 Nc6 3. Bb5 a6 4. Bxc6 dxc6 5. Nxe5 Qd4 6. Nxf7 Qxe4+ 7. Kf1 Qc4+
8. d3 Qxf7 9. Nc3 Bc5 10. Qe2+ Be6 11. Ne4 Be7 12. Bg5 O-O-O 13. Re1 Re8 14.
Bxe7 Qxe7 15. Qe3 Kb8 16. c4 Bf5 17. Ng5 Bxd3+ 18. Kg1 Qxe3 19. Rxe3 Rxe3 20.
fxe3 Nh6 21. Ne6 Bxc4 22. Nf4 Re8 23. h3 Rxe3 24. Kh2 g5 25. Nh5 Bd5 26. Rg1 Re2
27. Nf6 Rxb2 28. Nxh7 g4 29. h4 Rxa2 30. Nf6 Ra3 31. Rh1 g3+ 32. Kh3 Be6+ 33.
Ng4 Bxg4# {White checkmated} 0-1

[Event "Team 45 45 League T37"]
[Site "Internet Chess Club"]
[Date "2008.05.04"]
[Round "2"]
[White "hierroviejo"]
[Black "Traho"]
[Result "1-0"]
[WhiteElo "1335"]
[BlackElo "1203"]
[Opening "Caro-Kann: Tartakower (fantasy) variation"]
[ECO "B12"]
[Time "11:01:20"]
[TimeControl "2700+45"]

1. e4 c6 2. d4 d5 3. f3 e6 4. Nc3 Nd7 5. Bd2 Bd6 6. e5 Bc7 7. f4 c5 8. Qg4 g6 9.
Nf3 h5 10. Qg3 Ne7 11. Ne2 Nf5 12. Qh3 Bb6 13. c3 Rh6 14. O-O-O Ke7 15. Be1 Qh8
16. Ng5 f6 17. Bh4 Nxh4 18. Qxh4 fxg5 19. Qxg5+ Kf7 20. Rg1 Bd8 21. Qg3 b6 22.
h4 Ba6 23. Qh3 Bc8 24. g4 hxg4 25. Qxg4 Nf8 26. Rd3 Rxh4 27. Qf3 Ba6 28. Re3
cxd4 29. Nxd4 Bxf1 30. Rxf1 Rh3 31. Qxh3 Qxh3 32. Rxh3 Be7 33. Kb1 Kg7 34. Rg3
Nh7 35. f5 exf5 36. Nxf5+ Kf8 37. Rxg6 {Black resigns} 1-0

[Event "Team 45 45 League T37"]
[Site "Internet Chess Club"]
[Date "2008.05.04"]
[Round "2"]
[White "Conjurer"]
[Black "SufferingBruin"]
[Result "0-1"]
[WhiteElo "1292"]
[BlackElo "1213"]
[Opening "English: symmetrical variation"]
[ECO "A36"]
[Time "23:08:15"]
[TimeControl "2700+45"]

1. c4 c5 2. Nc3 Nc6 3. g3 Nf6 4. Bg2 g6 5. e3 Bg7 6. Nge2 O-O 7. O-O d5 8. Nxd5
Nxd5 9. Bxd5 Nb4 10. Be4 Nd3 11. Rb1 Bh3 12. Bg2 Bxg2 13. Kxg2 e5 14. e4 f5 15.
f3 f4 16. Nc3 fxg3 17. hxg3 Qg5 18. Ne2 Nf4+ 19. Nxf4 exf4 20. Qe1 Be5 21. d3
Rad8 22. Qf2 Rxd3 23. g4 h5 24. Rh1 hxg4 25. Qh4 gxf3+ 26. Kf2 Qg2+ 27. Ke1 Qe2#
{White checkmated} 0-1

[Event "Team 45 45 League T37"]
[Site "Internet Chess Club"]
[Date "2008.05.01"]
[Round "2"]
[White "Emrebey"]
[Black "OOB1"]
[Result "1-0"]
[WhiteElo "1526"]
[BlackElo "1542"]
[Opening "English opening"]
[ECO "A15"]
[Time "13:09:12"]
[TimeControl "2700+45"]

1. c4 Nf6 2. Nf3 b6 3. g3 Bb7 4. Bg2 d5 5. d4 e6 6. O-O Be7 7. Nc3 Nc6 8. Bf4
dxc4 9. Ne5 Nd5 10. Qa4 O-O 11. Nxc6 Bxc6 12. Qxc6 Nxf4 13. gxf4 Rb8 14. Qxc4 c5
15. Rfd1 Qc7 16. e3 Qc8 17. d5 exd5 18. Nxd5 Qe6 19. f5 Qe5 20. f4 Qd6 21. Nxe7+
Qxe7 22. Qe4 Qf6 23. Qe5 Qh4 24. Rd7 Rbe8 25. Qc3 Qg4 26. Rad1 Qxf5 27. Rxa7 Rd8
28. Rxd8 Rxd8 29. Ra8 Rxa8 30. Bxa8 Qb1+ 31. Kg2 Qxa2 32. Bf3 Qe6 33. Qa3 g6 34.
Qd3 h5 35. Qd5 Qxe3 36. Qd8+ Kg7 37. Qxb6 Qxf4 38. Qxc5 Qg5+ 39. Qxg5 {Black
resigns} 1-0

[Event "Team 45 45 League T37"]
[Site "Internet Chess Club"]
[Date "2008.05.01"]
[Round "2"]
[White "Mfalme"]
[Black "Tomate"]
[Result "1-0"]
[WhiteElo "1314"]
[BlackElo "1450"]
[Opening "King's pawn opening"]
[ECO "B07"]
[Time "21:59:09"]
[TimeControl "2700+45"]

1. e4 d6 2. f4 Nf6 3. d3 g6 4. Nf3 Bg7 5. Be2 O-O 6. O-O Nc6 7. Nh4 Nd4 8. c3
Nxe2+ 9. Qxe2 e5 10. f5 b6 11. Qf3 Bb7 12. fxg6 fxg6 13. Bg5 Qe8 14. Bxf6 Rxf6
15. Qg3 Rxf1+ 16. Kxf1 Qf7+ 17. Qf3 Qe7 18. Qg3 Rf8+ 19. Ke2 Bc8 20. c4 Rf4 21.
Nf3 Rg4 22. Qf2 Rf4 23. Nc3 c6 24. b4 Rf7 25. b5 Bb7 26. a4 Qf8 27. a5 c5 28. a6
Bc8 29. h3 Bh6 30. g4 Bf4 31. Qg2 Be6 32. Rh1 Qh6 33. h4 Qg7 34. g5 Qf8 35. h5
Qc8 36. hxg6 hxg6 37. Rh6 Rg7 38. Qh1 Kf7 39. Rh8 Qd7 40. Rh7 Kg8 41. Rh8+ Kf7
42. Qh6 Bg4 43. Nd5 Bxf3+ 44. Kxf3 Ke6 45. Rh7 Bxg5 46. Qh3+ {Black resigns} 1-0

[Event "Team 45 45 League T37"]
[Site "Internet Chess Club"]
[Date "2008.05.02"]
[Round "2"]
[White "katabatico"]
[Black "Fidelian"]
[Result "0-1"]
[WhiteElo "1369"]
[BlackElo "1343"]
[Opening "Sicilian: Labourdonnais-Löwenthal variation"]
[ECO "B32"]
[Time "13:59:35"]
[TimeControl "2700+45"]

1. e4 c5 2. Nf3 Nc6 3. d4 cxd4 4. Nxd4 e5 5. Nb3 Nf6 6. Nc3 Bb4 7. Bd3 Bxc3+ 8.
bxc3 a6 9. O-O b5 10. Bg5 h6 11. Bh4 Bb7 12. Nd2 O-O 13. f4 Qb6+ 14. Kh1 Nh7 15.
f5 Na5 16. Nf3 Qc7 17. Bg3 d6 18. Be1 Nc4 19. Bxc4 bxc4 20. Qe2 Nf6 21. Nd2 Rfc8
22. Bh4 Nh7 23. f6 g6 24. Qe3 g5 25. Rf5 Qd8 26. Raf1 Kh8 27. Bxg5 Nxg5 28. Rxg5
hxg5 29. Qxg5 Qg8 30. Qh5+ Qh7 31. Rf5 Qxh5 32. Rxh5+ Kg8 33. Rg5+ Kh7 34. Rg7+
Kh6 35. Rxf7 Bc6 36. Nxc4 Rf8 37. Nxd6 Rxf7 38. Nxf7+ Kg6 39. Nxe5+ Kxf6 40.
Nxc6 Rc8 41. e5+ Ke6 42. Nb4 a5 43. Nd3 Rxc3 44. h4 Rxc2 45. h5 Rd2 46. Nf4+
Kxe5 47. Ng6+ Kf6 48. g4 Rd4 49. Nf8 Rxg4 50. Kh2 Rh4+ 51. Kg3 Rxh5 52. Kg4 Rh2
53. Nd7+ Ke7 54. Nc5 Rxa2 55. Kf5 Kd6 56. Nb3 Kc6 57. Ke5 Kb6 58. Kd4 Rc2 59.
Kd3 Rc8 60. Kd2 Kb5 61. Nxa5 Kxa5 62. Ke3 Rc4 63. Kd3 Kb5 64. Ke3 Kc5 65. Kd3
Kd5 66. Ke3 Rd4 67. Kf3 Ke5 68. Ke3 Kd5 69. Kf3 Re4 70. Kg3 Ke5 71. Kf3 Rf4+ 72.
Ke3 Re4+ 73. Kd3 Rd4+ 74. Ke3 Re4+ 75. Kd3 Kd5 76. Kc3 Kc5 77. Kd3 Rd4+ 78. Kc3
Kd5 79. Kb3 Rc4 80. Ka3 Kc5 81. Kb3 Rc1 82. Kb2 Rc4 83. Kb3 Kd5 84. Ka3 Kc6 85.
Kb3 Rc5 86. Kb4 Kd5 87. Kb3 Kd4 88. Kb4 Rc8 89. Kb5 Rc1 90. Kb6 Kd5 91. Kb5 Rc5+
92. Kb6 Kc4 93. Kb7 Kb4 94. Kb6 Rc4 95. Kb7 Kb5 96. Ka7 Rc7+ 97. Kb8 Kb6 {White
resigns} 0-1

[Event "Team 45 45 League T37"]
[Site "Internet Chess Club"]
[Date "2008.05.04"]
[Round "2"]
[White "dharris"]
[Black "Visin"]
[Result "1-0"]
[WhiteElo "1084"]
[BlackElo "1305"]
[Opening "Four knights: Italian variation"]
[ECO "C55"]
[Time "02:05:09"]
[TimeControl "2700+45"]

1. e4 e5 2. Nf3 Nc6 3. Bc4 Nf6 4. Nc3 h6 5. d4 exd4 6. Nxd4 Bb4 7. O-O Bxc3 8.
bxc3 O-O 9. Re1 Ne5 10. Bb3 c5 11. Nf5 d6 12. Nxd6 b6 13. Bf4 Nc6 14. Qf3 Bg4
15. Qg3 g5 16. Be5 Nxe5 17. Qxe5 Nd7 18. Qd5 Be6 19. Qd3 Qc7 20. Bxe6 fxe6 21.
Rad1 Ne5 22. Qg3 Ng6 23. Qg4 Qe7 24. e5 Nf4 25. Qf3 Nd5 26. Qe4 Nxc3 27. Qg6+
Qg7 28. Qxe6+ Kh8 29. Rd3 Na4 30. Nf5 Qh7 31. Rf3 Rae8 32. Ne7 Rg8 33. Rf7 Rg7
34. Qf6 b5 35. Rf8+ Rxf8 36. Qxf8+ Rg8 37. Qf6+ Qg7 38. Nxg8 Kxg8 39. Qe6+ Qf7
40. Qxh6 Qxa2 41. Qxg5+ Kh7 42. Qf5+ Kg8 43. e6 Nc3 44. e7 Ne2+ 45. Kf1 Qf7 46.
Qg5+ Qg7 47. e8=Q+ Kh7 {Black resigns} 1-0

[Event "Team 45 45 League T37"]
[Site "Internet Chess Club"]
[Date "2008.05.03"]
[Round "2"]
[White "Despair"]
[Black "DFME"]
[Result "1-0"]
[WhiteElo "1939"]
[BlackElo "1729"]
[Opening "Benko's opening"]
[ECO "A00"]
[Time "10:00:32"]
[TimeControl "2700+45"]

1. g3 d5 2. d4 Nf6 3. Bg2 c6 4. c4 dxc4 5. Nf3 Bf5 6. O-O Nbd7 7. b3 cxb3 8.
Qxb3 Nb6 9. Ne5 Qxd4 10. Qxf7+ Kd8 11. Nxc6+ bxc6 12. Qb3 Qxa1 13. Rd1+ Nfd5 14.
Nc3 h6 15. Nxd5 cxd5 16. Bxd5 Bd7 17. Bxa8 Qf6 18. Qd3 Qe6 19. Qa6 Ke8 20. Bf3
Ba4 21. Rd4 Bc6 22. Qxa7 Bxf3 23. exf3 Qe1+ 24. Kg2 Qxc1 25. Qxb6 Qc2 26. Qd8+
Kf7 27. Rf4+ Ke6 28. Rxf8 Rxf8 29. Qxf8 h5 30. Qxg7 Qf5 31. g4 {Black resigns}
1-0

[Event "Team 45 45 League T37"]
[Site "Internet Chess Club"]
[Date "2008.05.02"]
[Round "2"]
[White "ChessyNessy"]
[Black "Aces"]
[Result "0-1"]
[WhiteElo "1842"]
[BlackElo "1784"]
[Opening "Mujannah opening"]
[ECO "A03"]
[Time "12:07:06"]
[TimeControl "2700+45"]

1. f4 d5 2. c4 c6 3. Nf3 e6 4. b3 f5 5. Bb2 Nf6 6. e3 Bd6 7. Be2 O-O 8. O-O Nbd7
9. h3 Qb6 10. Ng5 Re8 11. d4 Qd8 12. Nd2 Ne4 13. Ngxe4 fxe4 14. Qe1 Rf8 15. g4
Bb4 16. Rd1 Be7 17. g5 Bxg5 18. fxg5 Qxg5+ 19. Kh2 Qxe3 20. Rxf8+ Nxf8 21. Bg4
Qg5 22. Qe2 Ng6 23. Bc1 Qe7 24. Nb1 e5 25. Ba3 Qc7 26. Kh1 Nf4 27. Qe3 exd4 28.
Qxd4 h5 29. Bxc8 Qxc8 30. Qc3 d4 31. Qg3 Ne2 32. Qg2 d3 33. Bb2 Qc7 34. Rd2 Ng3+
35. Kg1 Qb6+ 36. Kh2 h4 37. Rf2 e3 38. Rf4 e2 39. Bc3 g5 40. Rg4 Qe3 41. Rxg3
hxg3+ 42. Qxg3 Qxg3+ 43. Kxg3 Rf8 44. Bd2 Rf1 45. Nc3 Rd1 {White resigns} 0-1